 Dungeon Crawl Stone Soup version 0.28.0-1-gb440e238dd (webtiles) character file.

Game seed: 13050524953937655378

54 Kraken2834 the Firebug (level 3, 0/27 HPs)
             Began as a Draconian Fire Elementalist on Feb 22, 2022.
             Slain by an orc (2 damage)
             ... on level 3 of the Dungeon.
             The game lasted 00:04:18 (1674 turns).

Kraken2834 the Firebug (DrFE)                       Turns: 1674, Time: 00:04:18

Health: 0/27       AC:  5    Str:  8 (10) XL:     3   Next: 66%
Magic:  0/6        EV: 12    Int: 14 (17) God:
Gold:   33         SH:  0    Dex: 10 (11) Spells: 5/6 levels left

rFire   + . .      SeeInvis .   (no weapon)
rCold   . . .      Faith    .   (no shield)
rNeg    . . .      Spirit   .   (armour unavailable)
rPois   .          Reflect  .   (helmet restricted)
rElec   .          Harm     .   (no cloak)
rCorr   .          Rampage  .   (no gloves)
Will    .....                   (no boots)
Stlth   ++........              (no amulet)
HPRegen 0.09/turn               c - ring of protection from fire
MPRegen 0.10/turn               (no ring)

@: no status effects
A: AC +5, unfitting armour, cold-blooded
a: no special abilities


You were on level 3 of the Dungeon.
You visited 1 branch of the dungeon, and saw 3 of its levels.

You collected 33 gold pieces.

Inventory:

Jewellery
 c - a ring of protection from fire (left hand)


   Skills:
 + Level 0.5 Fighting
 + Level 2.1 Dodging
 + Level 2.1 Stealth
 * Level 2.4 Spellcasting
 + Level 1.5 Conjurations
 * Level 3.5 Fire Magic


You had 5 spell levels left.
You knew the following spells:

 Your Spells              Type           Power      Damage    Failure   Level
a - Foxfire               Conj/Fire      32%        2x1d5     9%          1

Your spell library contained the following spells:

 Spells                   Type           Power      Damage    Failure   Level
 Scorch                   Fire           22%        2d6       8%          2
 Summon Small Mammal      Summ           4%         N/A       22%         1
 Conjure Flame            Conj/Fire      8%         6-21      24%         3
 Inner Flame              Hex/Fire       6%         N/A       32%         3
 Call Canine Familiar     Summ           1%         N/A       56%         3
 Summon Guardian Golem    Hex/Summ       1%         N/A       56%         3
 Flame Wave               Conj/Fire      8%         2d5       63%         4


Dungeon Overview and Level Annotations

Branches:
Dungeon (2/15)

Altars:

Shops:
D:2 =

Annotations:
D:2 Terence


Innate Abilities, Weirdness & Mutations

Your plain brown scales are hard. (AC +5)
You cannot fit into any form of body armour.
You are cold-blooded and may be slowed by cold attacks.


Message History

You are too injured to fight recklessly!
The orc hits you with a +0 hand axe.
* * * LOW HITPOINT WARNING * * *
The kobold throws a stone.
The stone hits you but does no damage.
The orc splashes around in the water.
The orc hits you but does no damage. The adder closely misses you.
You open the door. The adder bites you.
* * * LOW HITPOINT WARNING * * *
The orc barely misses you. The adder barely misses you.
There is an open door here.
The kobold throws a stone.
The stone hits you but does no damage. The adder bites you but does no damage.
The kobold throws a stone.
The stone closely misses you. The adder bites you.
* * * LOW HITPOINT WARNING * * *
The adder bites you but does no damage.
You are too injured to fight recklessly!
Casting: Foxfire (safe; 9% risk of failure)
Confirm with . or Enter, or press ? or * to list all spells.
You conjure some foxfire!
The adder bites you but does no damage.
Casting: Foxfire (safe; 9% risk of failure)
Confirm with . or Enter, or press ? or * to list all spells.
You conjure some foxfire!
The foxfire hits the adder.
The adder is lightly wounded.
The foxfire hits the adder.
The adder is heavily wounded.
The adder barely misses you. The adder bites you but does no damage.
Casting: Foxfire (safe; 9% risk of failure)
Confirm with . or Enter, or press ? or * to list all spells.
You conjure some foxfire!
The foxfire hits the adder.
The adder is almost dead.
The foxfire hits the adder.
You kill the adder!
Casting: Foxfire (safe; 9% risk of failure)
Confirm with . or Enter, or press ? or * to list all spells.
You conjure some foxfire!
The foxfire hits the orc.
The orc is severely wounded.
The orc hits you from afar with a +0 trident.
You die...

....#....# ....#....#
.......... ... ......... ...
#...... .... #....# ....#
#vv..###...# .......
#@v..#... .# .......
#§.o##.##..### .......#
#...o.o....... .......#
######o##.### .......#
####.##.####
......#####....o...... .#
######>o.........K...... ...
.........####.#.#o#.#####.##
.!.......######'#.o≈≈≈≈.≈≈..


You could see 4 orcs.

Vanquished Creatures
  2 adders
  5 orcs
  2 endoplasms
  A giant cockroach (D:2)
  A goblin (D:2)
  2 hobgoblins (D:1)
  A quokka (D:1)
  3 ball pythons
  5 bats
  2 frilled lizards (D:1)
  3 kobolds
  5 rats (D:1)
32 creatures vanquished.

Vanquished Creatures (others)
  119 foxfires
119 creatures vanquished.

Grand Total: 151 creatures vanquished

Notes
Turn   | Place    | Note
-------+----------+-------------------------------------------
     0 | D:1      | Kraken2834 the Draconian Fire Elementalist began the quest
                  | for the Orb.
     0 | D:1      | Reached XP level 1. HP: 14/14 MP: 3/3
   631 | D:1      | Reached XP level 2. HP: 20/20 MP: 1/5
  1288 | D:2      | Found Zawuruik's Jewellery Emporium.
  1320 | D:2      | Reached XP level 3. HP: 27/27 MP: 2/6
  1601 | D:2      | Noticed Terence
  1611 | D:2      | You fall into a shaft and drop 1 floor!
  1674 | D:3      | Slain by an orc

Illustrated notes

Levels and vault maps discovered:
D:1:      dpeg_arrival_another_circle, layout_basic, hex_medium
D:2:      minmay_diamond_boxcup, layout_rooms,
          hellmonk_ecumenical_altar_lost_god, serial_shops, nicolae_shop_trees,
          kennysheep_doodads, uniq_terence
D:3:      layout_basic, mainiacjoe_overflow_alcove_4,
          chequers_serial_rivers_small_3, uniq_natasha

Skill      XL: |  1  2 |
---------------+-------+-----
Stealth        | 2 |  2.1
Dodging        | 2 |  2.1
Fighting       | |  0.5
Spellcasting   | |  2.4
Conjurations   | |  1.5
Fire Magic     | |  3.5

Action                   || total
-------------------------++-------
Melee: Unarmed           ||     8
 Cast: Foxfire           ||    78
  Use: Scroll            ||     3
       Potion            ||     2
Armor: Skin              ||    15
Dodge: Dodged            ||    25
